 Dungeon Crawl Stone Soup version 0.28.0-1-gb440e238dd (webtiles) character file.

Game seed: 8715149676086546843

11 Armakuni the Charlatan (level 2, -6/17 HPs)
             Began as a Deep Elf Artificer on Feb 20, 2022.
             Mangled by Terence (8 damage)
             ... on level 2 of the Dungeon.
             The game lasted 00:01:03 (727 turns).

Armakuni the Charlatan (Deep Elf Artificer)          Turns: 727, Time: 00:01:04

Health: -6/17      AC:  6    Str:  9    XL:     2   Next: 17%
Magic:  4/4        EV: 19    Int: 15    God:
Gold:   8          SH:  0    Dex: 15    Spells: 1/1 levels left

rFire   + + .      SeeInvis .   (weapon currently unavailable)
rCold   + + .      Faith    .   (shield currently unavailable)
rNeg    + + +      Spirit   .   (armour currently unavailable)
rPois   ∞          Reflect  .   (helmet currently unavailable)
rElec   +          Harm     .   (cloak currently unavailable)
rCorr   +          Rampage  .   (gloves currently unavailable)
Will    .....                   (boots currently unavailable)
Stlth   ++........              (amulet currently unavailable)
HPRegen 0.05/turn               (ring currently unavailable)
MPRegen 0.09/turn               (ring currently unavailable)

@: wisp-form (expiring), flying
A: insubstantial, flying, no casting, tiny
a: no special abilities


You were on level 2 of the Dungeon.
You were an insubstantial wisp.
You visited 1 branch of the dungeon, and saw 2 of its levels.

You collected 8 gold pieces.

Inventory:

Hand Weapons
 a - a +0 dagger (melded)
Armour
 b - a +0 leather armour (melded)
Wands
 c - a wand of flame (13) (quivered)
 d - a wand of charming (15)
Scrolls
 i - a scroll of teleportation {unknown}
 j - a scroll of enchant weapon {unknown}
Potions
 f - a potion of haste {unknown}
 g - a potion of heal wounds {unknown}
 h - a potion of curing {unknown}
Miscellaneous
 e - a piece from Xom's chessboard (14/15)


   Skills:
 + Level 1.8 Fighting
 - Level 0.7 Armour
 - Level 2.4 Dodging
 - Level 1.2 Stealth
 - Level 3.2 Evocations


You had one spell level left.
You didn't know any spells.
Your spell library contained the following spells:

 Spells                   Type           Power      Damage    Failure   Level
 Teleport Other           Tloc           0%         N/A       63%         3
 Dispersal                Tloc           0%         N/A       100%        6


Dungeon Overview and Level Annotations

Branches:
Dungeon (2/15)

Altars:

Annotations:
D:2 Jessica, Terence


Message History

Terence the Incautious comes into view.
He is wielding a +0 morningstar and wearing a +1 ring mail of willpower.
Terence shouts!
You hit the goblin but do no damage.
Jessica zaps a wand.
You turn into an insubstantial wisp.
Your +0 dagger melds into your body.
Your +0 leather armour melds into your body.
The goblin barely misses you.
You touch the goblin.
You kill the goblin!
You touch Jessica but do no damage.
Jessica hits you with a +0 dagger.
You touch Jessica.
Jessica is lightly wounded.
Jessica barely misses you.
You barely miss Jessica.
Jessica is lightly wounded.
Jessica hits you but does no damage.
You touch Jessica.
Jessica is moderately wounded.
Terence says, "You're history."
Terence misses you. Jessica completely misses you.
You barely miss Jessica.
Jessica is moderately wounded.
Jessica casts a spell.
Jessica blinks!
Terence barely misses you.
A worm comes into view.
You touch the worm.
The worm is lightly wounded.
Terence misses you.
You touch the worm.
The worm is moderately wounded.
Your transformation is almost over.
Terence completely misses you. The worm misses you.
You touch the worm but do no damage.
The worm is moderately wounded.
Terence hits you with a +0 morningstar!
Ouch! That really hurt!
* * * LOW HITPOINT WARNING * * *
You touch the worm.
The worm is moderately wounded.
Terence hits you with a +0 morningstar!
You die...

#.##.## #.##.#
#.##.# ##.##.#
#.....#
#..#..########
....
#...).....#
##.
####@###... ..
#v# # #w# .@<
..... ###.##.
#.# .# #.# #
..#


You could see Terence, a worm and Jessica.

Vanquished Creatures
  A dart slug (D:1)
  A ball python (D:2)
  2 bats (D:1)
  2 goblins
  A hobgoblin (D:1)
  A quokka (D:1)
8 creatures vanquished.

Notes
Turn   | Place    | Note
-------+----------+-------------------------------------------
     0 | D:1      | Armakuni the Deep Elf Artificer began the quest for the
                  | Orb.
     0 | D:1      | Reached XP level 1. HP: 11/11 MP: 3/3
    29 | D:1      | Reached skill level 1 in Fighting
   162 | D:1      | Found a faded altar of an unknown god.
   388 | D:1      | Reached XP level 2. HP: 17/17 MP: 4/4
   419 | D:1      | You fall into a shaft and drop 1 floor!
   424 | D:2      | Got the Collected Works on the Traveller
   714 | D:2      | Noticed Jessica
   714 | D:2      | Noticed Terence
   727 | D:2      | Mangled by Terence

Illustrated notes

Levels and vault maps discovered:
D:1:      tarquinn_simple_flora_water_f, layout_basic,
          ebering_ecumenical_altar_petrified
D:2:      layout_loops_ring, uniq_jessica, uniq_terence

Skill      XL: |  1 |
---------------+----+-----
Fighting       | 1 |  1.8
Armour         | |  0.7
Dodging        | |  2.4
Stealth        | |  1.2
Evocations     | |  3.2

Action                   || total
-------------------------++-------
Melee: Dagger            ||    41
       Club              ||     4
       Unarmed           ||    10
Evoke: Wand              ||     2
       Piece from Xom's  ||     2
 Stab: Confused          ||     3
       Sleeping          ||     1
Armor: Leather armour    ||    16
       Skin              ||     1
Dodge: Dodged            ||    54
